 Dungeon Crawl Stone Soup version 0.28-a0-247-gb8bfbab023 (webtiles) character file.

Game seed: 9103303956760693440

506 graki42 the Magician (level 7, -1/50 HPs)
             Began as a Djinni Fire Elementalist on Aug 26, 2021.
             Was an Initiate of Makhleb.
             Slain by an orc priest (8 damage)
             ... on level 5 of the Dungeon.
             The game lasted 00:15:25 (4468 turns).

graki42 the Magician (Djinni Fire Elementalist)     Turns: 4468, Time: 00:15:26

Health: -1/50      AC:  3    Str:  8    XL:     7   Next: 41%
Gold:   178        EV: 16    Int: 18    God:    Makhleb [......] SH:  0 Dex: 13

rFire   + + .      SeeInvis .   i - staff of air
rCold   x . .      Faith    .   (no shield)
rNeg    . . .      Spirit   .   a - +0 robe
rPois   ∞          Reflect  .   r - +0 helmet
rElec   +          Harm     .   (no cloak)
rCorr   .          Rampage  .   (no gloves)
Will    .....                   (boots unavailable)
Stlth   ++........              (no amulet)
HPRegen 0.16/turn               c - +4 ring of evasion
MPRegen 0.00/turn               (no ring)

@: brilliant, flying
A: sickness immunity, fire resistance 2, cold vulnerability 1, float, innate
caster, hp casting, extra vitality 1
a: Renounce Religion


You were on level 5 of the Dungeon.
You worshipped Makhleb.
Makhleb was noncommittal.
You visited 1 branch of the dungeon, and saw 5 of its levels.

You collected 178 gold pieces.

Inventory:

Armour
 a - a +0 robe (worn)
 d - a +0 tower shield
 r - a +0 helmet (worn)
Magical Staves
 i - a staff of air (weapon)
Jewellery
 c - a +4 ring of evasion (left hand)
 A - the amulet "Zoiron" {Rampage *Slow Regen+ Int+6 Slay+6}
   (You found it on level 4 of the Dungeon)

   [amulet of regeneration]

   Int:       It affects your intelligence (+6).
   Slay:      It affects your accuracy & damage with ranged weapons and melee
   (+6).
   Regen:     It increases your rate of health regeneration.
   *Slow:     It may slow you when you take damage.
   Rampage:   It bestows one free step when moving towards enemies.
Wands
 v - a wand of flame (22)
 w - a wand of acid (7)
 x - a wand of paralysis (12)
 B - a wand of mindburst (14)
Scrolls
 e - a scroll of blinking {unknown}
 f - a scroll of teleportation {unknown}
 k - a scroll of immolation {unknown}
 m - a scroll of enchant armour {unknown}
 n - a scroll of identify {unknown}
 o - a scroll of fog {unknown}
 p - a scroll of magic mapping {unknown}
 q - a scroll of summoning {unknown}
 u - 2 scrolls of vulnerability {unknown}
 y - a scroll of amnesia {unknown}
Potions
 b - 2 potions of brilliance
 g - a potion of might {unknown}
 h - 2 potions of degeneration {unknown}
 j - a potion of invisibility {unknown}
 l - 2 potions of haste {unknown}
 s - a potion of lignification {unknown}
 t - a potion of curing {unknown}
 z - a potion of heal wounds {unknown}


   Skills:
 + Level 3.2 Fighting
 - Level 3.0 Dodging
 - Level 3.0 Stealth
 + Level 3.2 Shields
 + Level 3.8 Spellcasting
 + Level 1.0 Invocations


You couldn't memorise any spells.
You knew the following spells:

 Your Spells              Type           Power      Damage    Failure   Level
a - Foxfire               Conj/Fire      100%       2x1d9     3%          1
b - Conjure Flame         Conj/Fire      25%        6-21      10%         3
c - Inner Flame           Hex/Fire       25%        N/A       10%         3
d - Sticky Flame          Conj/Fire      25%        2d5       30%         4
e - Fireball              Conj/Fire      12%        3d7       65%         5
f - Animate Skeleton      Necr           50%        N/A       3%          1
g - Poisonous Vapours     Pois/Air       76%        N/A       4%          2
h - Summon Guardian Gole  Hex/Summ       25%        N/A       10%         3
Your spell library was empty.

Dungeon Overview and Level Annotations

Branches:
Dungeon (5/15)
 Temple: D:4-7

Altars:
Dithmenos
Kikubaaqudgha
Makhleb
Qazlal


Innate Abilities, Weirdness & Mutations

You are immune to sickness and miasma.
You are immune to poison.
Your flesh is very heat resistant. (rF++)
You are vulnerable to cold. (rC-)
You float through the air rather than walking.
You learn spells naturally, not from books.
Your magical power is your life essence.
You have superior vitality. (+4 HP)


Message History

Casting: Foxfire (safe; 3% risk of failure)
Confirm with . or Enter, or press ? or * to list all spells.
You conjure some foxfire!
The orc wizard misses you.
The orc priest looks satisfied for a moment.
Unknown command.
The foxfire hits the orc wizard.
The orc wizard is almost dead.
The foxfire hits the orc wizard but does no damage.
The orc wizard is almost dead.
The orc wizard gestures wildly while chanting.
The orc wizard flickers and vanishes!
Deactivating autopickup; reactivate with Ctrl-A.
The orc priest hits you from afar with a +0 trident!
* * * LOW HITPOINT WARNING * * *
The foxfire hits something but does no damage.
Casting: Foxfire (safe; 3% risk of failure)
Confirm with . or Enter, or press ? or * to list all spells.
You conjure some foxfire!
* * * LOW HITPOINT WARNING * * *
You hear some strange, mumbled words.
Something tries to affect you, but you resist.
The orc priest misses you.
The foxfire hits something!
Makhleb accepts your kill.
Reactivating autopickup.
You feel a bit more experienced.
The foxfire hits the orc priest.
The orc priest is lightly wounded.
The orc priest barely misses you.
Your Invocations skill increases to level 1!
It was a potion of brilliance.
You feel clever all of a sudden.
The orc priest hits you from afar with a +0 trident.
* * * LOW HITPOINT WARNING * * *
Okay, then.
Casting: Foxfire (safe; 3% risk of failure)
Confirm with . or Enter, or press ? or * to list all spells.
You feel a surge of power!
You conjure some foxfire!
* * * LOW HITPOINT WARNING * * *
The orc priest hits you from afar with a +0 trident!
You die...

#............#
#.####.#...#.#
#. #.#.#.#.## #.
#..###.#.## #.
#.## ##.#.# #.
##.###.#..# #o
##<#.#.#.#
#v#######.##.#.#
#)@v.......).#.#
##.###########..
#.# .. ... ...
#..# ... #.(#
#..# #..#


You could see an orc priest (ally target).

Vanquished Creatures
  A black bear (D:3)
  An ogre (D:4)
  A bullfrog (D:4)
  Natasha (thrice) (D:3)
  An iguana (D:4)
  An orc wizard (D:5)
  4 adders
  3 gnolls (D:4)
  A dart slug (D:1)
  4 orcs
  11 ball pythons
  5 bats
  7 endoplasms
  2 giant cockroaches
  12 goblins
  2 hobgoblins
  5 jackals
  4 frilled lizards
  A jackal skeleton (D:4)
  5 kobolds
  4 rats
78 creatures vanquished.

Vanquished Creatures (others)
  245 foxfires
245 creatures vanquished.

Grand Total: 323 creatures vanquished

Notes
Turn   | Place    | Note
-------+----------+-------------------------------------------
     0 | D:1      | graki42 the Djinni Fire Elementalist began the quest for
                  | the Orb.
     0 | D:1      | Reached XP level 1. HP: 15/15 MP: 0/0
   106 | D:1      | Reached XP level 2. HP: 10/21 MP: 0/0
   261 | D:1      | Found a faded altar of an unknown god.
   767 | D:1      | Reached XP level 3. HP: 24/25 MP: 0/0
   767 | D:1      | Learned a level 1 spell: Animate Skeleton
  1682 | D:2      | Reached skill level 1 in Shields
  1682 | D:2      | Reached XP level 4. HP: 29/31 MP: 0/0
  1693 | D:2      | Reached skill level 1 in Fighting
  2490 | D:3      | Noticed Natasha
  2497 | D:3      | Killed Natasha
  2498 | D:3      | Reached XP level 5. HP: 33/37 MP: 0/0
  2498 | D:3      | Learned a level 2 spell: Poisonous Vapours
  2747 | D:3      | Noticed a black bear
  2748 | D:3      | Noticed Natasha
  2762 | D:3      | Killed a black bear
  2763 | D:3      | Reached XP level 6. HP: 20/43 MP: 0/0
  2765 | D:3      | Killed Natasha
  3121 | D:3      | Noticed Natasha
  3138 | D:3      | Killed Natasha
  3286 | D:3      | Found a shadowy altar of Dithmenos.
  3900 | D:4      | Reached XP level 7. HP: 46/49 MP: 0/0
  3900 | D:4      | Learned a level 3 spell: Summon Guardian Golem
  4037 | D:4      | Found a stormy altar of Qazlal.
  4196 | D:4      | Found a burning altar of Makhleb.
  4219 | D:4      | Became a worshipper of Makhleb the Destroyer
  4310 | D:4      | Identified the amulet "Zoiron" {Rampage *Slow Regen+ Int+6
                  | Slay+6}
  4386 | D:5      | Entered Level 5 of the Dungeon
  4467 | D:5      | Reached skill level 1 in Invocations
  4468 | D:5      | Slain by an orc priest

Illustrated notes

Levels and vault maps discovered:
D:1:      dpeg_arrival_simpleton_b, layout_basic,
          hellmonk_ecumenical_altar_slurped_away
D:2:      layout_basic, basic_altar, hangedman_decor_lopped, minmay_tetromino_l2
D:3:      layout_basic, grunt_dithmenos_smoke_and_mirrors,
          minmay_misc_feat_alley, dk_noncrumbling_3, uniq_natasha
D:4:      layout_gridville, kennysheep_mini_moat,
          nicolae_qazlal_scattered_showers
D:5:      layout_loops_ring, chei_slow_surprise, tgw_kikubaaqudgha,
          uniq_grinder, uniq_ijyb, uniq_menkaure

Skill      XL: |  1  2  3  4  5  6  7 |
---------------+----------------------+-----
Stealth        | 2 3 |  3.0
Shields        | 1 2 3 |  3.2
Fighting       | 1 2 3 |  3.2
Spellcasting   | 3 |  3.8
Dodging        | 3 |  3.0
Invocations    | 1 |  1.0

Action                   |  1- 3 |  4- 6 |  7- 9 || total
-------------------------+-------+-------+-------++-------
Melee: Unarmed           |     1 |       |       ||     1
       Staff             |       |     3 |       ||     3
 Cast: Foxfire           |    45 |    79 |    20 ||   144
       Sticky Flame      |       |     1 |       ||     1
       Poisonous Vapours |       |     1 |       ||     1
  Use: Potion            |       |       |     1 ||     1
Armor: Robe              |     1 |       |       ||     1
Dodge: Dodged            |    10 |     6 |     7 ||    23

Table legend: (Time is in decaauts)
 A = Elapsed time spent in this place.
 B = Non-inter-level travel time spent in this place.
 C = Inter-level travel time spent in this place.
 D = Time resting spent in this place.
 E = Time spent auto-exploring this place.
 F = Levels seen in this place.
 G = Mean time per level.
                   A        B        C        D        E       F      G
               +--------+--------+--------+--------+--------+-----+--------+
         Total |   4467 |   4376 |     91 |    547 |   3278 |   5 |  893.4 |
       Dungeon |   4467 |   4376 |     91 |    547 |   3278 |   5 |  893.4 |
               +--------+--------+--------+--------+--------+-----+--------+

Top non-repeatable levels by time:
     D:1: 1291 daAuts
     D:3: 1194 daAuts
     D:2: 1099 daAuts
     D:4: 822 daAuts
     D:5: 60 daAuts
